 Dungeon Crawl Stone Soup version 0.30.0-10-gfe55d96785 (webtiles) character file.

Game seed: 5366831448980462002

4582 tizbic2 the Ogre Mage (level 10, -3/83 (98) HPs)
             Began as an Ogre Air Elementalist on May 16, 2023.
             Was a Believer of Vehumet.
             Slain by a killer bee (7 damage)
             ... on level 1 of the Lair of Beasts.
             The game lasted 00:42:56 (9658 turns).

tizbic2 the Ogre Mage (Ogre Air Elementalist)       Turns: 9658, Time: 00:42:57

HP:   -3/83 (98)    AC:  8    Str: 14    XL:     10   Next: 41%
MP:   18/22         EV:  9    Int: 20    God:    Vehumet [**....]
Gold: 304           SH:  0    Dex:  9    Spells: 15/25 levels left

rFire   + . .        D - +2 war axe (flame)
rCold   . . .        (no shield)
rNeg    . . .        j - +0 steam dragon scales
rPois   .            B - +2 hat
rElec   .            (no cloak)
rCorr   .            (gloves unavailable)
SInv    +            (boots unavailable)
Will    +....        (no amulet)
Stlth   +            c - ring of see invisible
HPRegen 0.33/turn    h - ring of protection from fire
MPRegen 0.18/turn

%: no passive effects
@: heavily drained
A: large, unfitting armour, tough skin 1
a: Renounce Religion


You were on level 1 of the Lair of Beasts.
You worshipped Vehumet.
Vehumet was pleased with you.
You visited 3 branches of the dungeon, and saw 11 of its levels.

You collected 304 gold pieces.

Inventory:

Hand Weapons
 t - a +0 trident
 D - a +2 war axe of flaming (weapon)
 E - a +0 giant spiked club of flaming
 G - a +0 morningstar
 K - a +1 spear
Missiles
 a - a throwing net
 d - 4 large rocks
 i - 5 curare-tipped darts
 k - 58 stones
 w - 4 javelins
 x - 10 boomerangs (quivered)
Armour
 j - +0 steam dragon scales (worn)
 q - a +2 robe of fire resistance
 B - a +2 hat (worn)
Magical Staves
 C - a staff of poison
Jewellery
 c - a ring of see invisible (left hand)
 h - a ring of protection from fire (right hand)
Wands
 e - a wand of light (13)
 l - a wand of flame (20)
Scrolls
 n - 5 scrolls of teleportation
 o - 4 scrolls of fear
 p - 2 scrolls of vulnerability
 s - a scroll of magic mapping
 v - 2 scrolls of identify
 z - a scroll of butterflies {unknown}
 F - 2 scrolls of fog {unknown}
 I - a scroll of enchant armour {unknown}
Potions
 b - 2 potions of berserk rage
 f - 4 potions of degeneration
 g - a potion of cancellation
 r - 2 potions of haste
 u - a potion of might
 A - a potion of flight
 J - a potion of resistance {unknown}


   Skills:
 + Level 6.3 Fighting
 + Level 3.2(3.4) Maces & Flails
 * Level 5.8(5.9) Polearms
 - Level 1.5(4.6) Staves
 + Level 4.1 Throwing
 - Level 1.7 Dodging
 - Level 1.4 Stealth
 * Level 8.1 Spellcasting
 + Level 4.4 Conjurations
 * Level 7.1 Air Magic


You had 15 spell levels left.
You knew the following spells:

 Your Spells              Type           Power      Damage    Failure   Level
a - Shock                 Conj/Air       100%       1d9       1%          1
b - Static Discharge      Conj/Air       62%        2-5/arc   1%          2
c - Airstrike             Air            18%        2d(3-19)  4%          4
d - Kiss of Death         Conj/Necr      68%        2d10      3%          1
e - Poisonous Vapours     Pois/Air       44%        N/A       3%          2

Your spell library contained the following spells:

 Spells                   Type           Power      Damage    Failure   Level
 Swiftness                Air            36%        N/A       1%          3
 Apportation              Tloc           16%        N/A       9%          1
 Necrotise                Necr           32%        1d5       9%          1
 Summon Small Mammal      Summ           32%        N/A       9%          1
 Lesser Beckoning         Tloc           16%        N/A       13%         2
 Gell's Gravitas          Tloc           8%         N/A       26%         3
 Teleport Other           Tloc           8%         N/A       26%         3


Dungeon Overview and Level Annotations

Branches:
Dungeon (9/15)             Temple (1/1) D:5            Lair (1/5) D:9
    Orc: D:9-12

Altars:
Ashenzari
Cheibriados
Dithmenos
Elyvilon
Fedhas
Gozag
Hepliaklqana
Kikubaaqudgha
Makhleb
Nemelex Xobeh
Okawaru
Qazlal
Ru
Sif Muna
Trog
Vehumet
Wu Jian
Xom
Yredelemnul
Zin
The Shining One


Innate Abilities, Weirdness & Mutations

You are too large for most types of armour.
You have tough skin. (AC +1)


Message History

Casting: Shock (safe; 1% risk of failure)
Confirm with . or Enter, or press ? or * to list all spells.
Aiming: Shock (safe; 1% risk of failure)
Press: ? - help, Shift-Dir - straight line The zap misses the killer bee. x2; The killer bee closely misses you.
The killer bee misses you. The killer bee stings you.
* * * LOW HITPOINT WARNING * * *
You are poisoned.
The killer bee poisons you! The killer bee closely misses you.
Your +2 war axe of flaming bursts into flame!
D - a +2 war axe of flaming (weapon)
You feel sick. The killer bee stings you.
* * * LOW HITPOINT WARNING * * *
You are lethally poisoned!
The killer bee poisons you!
The killer bee stings you but does no damage.
You feel better. The killer bee barely misses you. The killer bee stings you.
* * * LOW HITPOINT WARNING * * *
The killer bee closely misses you. The killer bee barely misses you.
You closely miss the killer bee.
The killer bee is severely wounded.
You miss the killer bee.
The killer bee stings you but does no damage.
The killer bee stings you.
* * * LOW HITPOINT WARNING * * *
The killer bee barely misses you. The killer bee stings you.
* * * LOW HITPOINT WARNING * * *
The killer bee stings you.
* * * LOW HITPOINT WARNING * * *
The killer bee stings you but does no damage.
You completely miss the killer bee.
The killer bee is severely wounded.
You miss the killer bee. The killer bee closely misses you.
The killer bee completely misses you.
The killer bee stings you but does no damage. x2
Unknown command.
You barely miss the killer bee.
The killer bee is severely wounded.
You miss the killer bee. The killer bee stings you!
You die...

## # ###.###.#
.####.#yy......
.......@.#
.#########


You could see 2 killer bees.

Vanquished Creatures
  A two-headed ogre (D:6)
  A hornet (D:7)
  Grinder (D:5)
  A wyvern (D:9)
  Grum (D:9)
  A steam dragon (D:8)
  2 water moccasins (D:7)
  2 orc warriors
  3 ice beasts
  A sky beast (D:8)
  2 black bears
  4 ogres
  2 centaurs (D:8)
  2 wolves
  A kobold brigand (D:6)
  2 phantoms
  2 scorpions
  A killer bee (D:9)
  2 howler monkeys
  6 jellies
  8 orc priests
  4 hounds
  3 iguanas
  2 sleepcaps
  6 orc wizards
  7 gnolls
  5 adders
  2 white imps (D:6)
  2 ufetubi
  4 worms
  A dart slug (D:2)
  37 orcs
  3 bats
  4 endoplasms
  5 giant cockroaches
  7 goblins
  10 hobgoblins
  3 jackals (D:3)
  7 quokkas
  5 ball pythons
  3 frilled lizards
  16 kobolds
  8 rats
190 creatures vanquished.

Vanquished Creatures (others)
  An orc wizard (D:3)
1 creature vanquished.

Grand Total: 191 creatures vanquished

Notes
Turn   | Place    | Note
-------+----------+-------------------------------------------
     0 | D:1      | tizbic2 the Ogre Air Elementalist began the quest for the
                  | Orb.
     0 | D:1      | Reached XP level 1. HP: 16/16 MP: 3/3
   160 | D:1      | Reached skill level 1 in Conjurations
   361 | D:1      | Reached XP level 2. HP: 17/26 MP: 1/5
   437 | D:1      | Learned a level 2 spell: Static Discharge
   486 | D:1      | Reached skill level 1 in Fighting
  1187 | D:2      | Reached XP level 3. HP: 26/33 MP: 4/7
  1635 | D:2      | Reached skill level 3 in Spellcasting
  1891 | D:2      | Reached XP level 4. HP: 26/42 MP: 2/8
  2183 | D:2      | Learned a level 4 spell: Airstrike
  2576 | D:3      | Reached XP level 5. HP: 17/50 MP: 0/10
  3183 | D:4      | Reached skill level 4 in Spellcasting
  3184 | D:4      | Reached XP level 6. HP: 36/59 MP: 1/12
  3309 | D:4      | Reached skill level 1 in Polearms
  3588 | D:4      | Noticed a black bear
  3600 | D:4      | Killed a black bear
  4036 | D:5      | Entered Level 5 of the Dungeon
  4045 | D:5      | Noticed Grinder
  4059 | D:4      | Reached XP level 7. HP: 34/67 MP: 6/14
  4177 | D:5      | Killed Grinder
  4178 | D:5      | Reached skill level 1 in Staves
  4178 | D:5      | Reached skill level 1 in Throwing
  4178 | D:5      | Reached skill level 5 in Spellcasting
  4310 | D:5      | Found a staircase to the Ecumenical Temple.
  4320 | Temple   | Entered the Ecumenical Temple
  4363 | Temple   | Became a worshipper of Vehumet
  4652 | D:5      | Reached skill level 5 in Air Magic
  4652 | D:5      | Reached XP level 8. HP: 37/78 MP: 5/16
  4925 | D:5      | Found a glowing silver altar of Zin.
  5236 | D:5      | Found a shimmering blue altar of Sif Muna.
  5353 | D:5      | Reached skill level 1 in Maces & Flails
  5414 | D:5      | Reached skill level 6 in Spellcasting
  5415 | D:5      | Reached * piety under Vehumet
  5415 | D:5      | Offered knowledge of Kiss of Death by Vehumet.
  5548 | D:5      | Learned a level 1 spell: Kiss of Death
  6031 | D:6      | Noticed a two-headed ogre
  6038 | D:6      | Killed a two-headed ogre
  6039 | D:6      | Reached skill level 5 in Fighting
  6039 | D:6      | Reached XP level 9. HP: 86/88 MP: 4/19
  6313 | D:6      | Reached skill level 7 in Spellcasting
  6865 | D:7      | Noticed a hornet
  6869 | D:7      | Killed a hornet
  6875 | D:7      | Reached ** piety under Vehumet
  7097 | D:7      | Offered knowledge of Poisonous Vapours by Vehumet.
  7101 | D:7      | Learned a level 2 spell: Poisonous Vapours
  7107 | D:7      | Found a shadowy altar of Dithmenos.
  7108 | D:7      | Found a stormy altar of Qazlal.
  7161 | D:7      | Reached skill level 5 in Polearms
  7343 | D:7      | Reached XP level 10. HP: 88/98 MP: 21/21
  8110 | D:8      | Found a sparkling altar of Nemelex Xobeh.
  8111 | D:8      | Noticed a two-headed ogre
  8501 | D:9      | Noticed Grum
  8760 | D:9      | Killed Grum
  9015 | D:9      | Found a staircase to the Lair.
  9039 | D:9      | Reached skill level 8 in Spellcasting
  9650 | Lair:1   | Entered Level 1 of the Lair of Beasts
  9656 | Lair:1   | HP: 3/83 [killer bee (3)]
  9658 | Lair:1   | Slain by a killer bee

Illustrated notes

Levels and vault maps discovered:
D:1:      dpeg_arrival_castle, layout_loops_cross
D:2:      layout_basic, kennysheep_generic_room_6
D:3:      layout_rooms, minmay_misc_feat_doors, kennysheep_generic_room_13
D:4:      layout_cave_pools
D:5:      layout_cave_pools, lemuel_coloured_pillars_altar,
          mainiacjoe_overflow_cross_hatched, temple_statues,
          portal_sewer_entry_f, uniq_grinder
D:6:      layout_rooms
D:7:      layout_rooms, gammafunk_temple_overflow_pools
D:8:      layout_loops_ring, nemelex_spade_bored_becter, serial_bayou_lagoon_a
D:9:      gammafunk_corrupted_shrine, layout_cave_pods, dpeg_oklobed_lair,
          uniq_psyche, uniq_grum
Temple:   nicolae_temple_bog_church
Lair:1:   layout_cave_pods, special_room [special_room_bee],
          grunt_forest_small_clearing_treed

Skill      XL: |  1  2  3  4  5  6  7  8  9 10 |
---------------+-------------------------------+-----
Conjurations   | 1 2 3 4 |  4.4
Fighting       | 1 2 3 5 6 |  6.3
Air Magic      | 3 4 5 6 7 |  7.1
Spellcasting   | 3 4 5 6 7 8 |  8.1
Polearms       | 1 2 4 5 |  5.8
Staves         | 1 |  1.5
Throwing       | 1 3 4 |  4.1
Maces & Flails | 2 3 |  3.2
Dodging        | |  1.7
Stealth        | |  1.4

Action                     |  1- 3 |  4- 6 |  7- 9 | 10-12 || total
---------------------------+-------+-------+-------+-------++-------
  Melee: Unarmed           |     2 |       |       |       ||     2
         Club              |    29 |       |       |       ||    29
         Hand axe          |    12 |       |       |       ||    12
         Spear             |       |    31 |       |    26 ||    57
         Trident           |       |    72 |       |       ||    72
         Flail             |       |     4 |       |       ||     4
         Staff             |       |    13 |    12 |       ||    25
         War axe           |       |       |   111 |    13 ||   124
         Punch             |       |       |     2 |       ||     2
         Giant spiked club |       |       |    17 |    20 ||    37
         Mace              |       |       |       |     7 ||     7
  Throw: Large rock        |     2 |       |       |       ||     2
         Stone             |     1 |     2 |       |       ||     3
         Boomerang         |       |     4 |    11 |     1 ||    16
         Javelin           |       |       |       |     3 ||     3
   Cast: Shock             |    42 |    54 |    29 |    21 ||   146
         Static Discharge  |    11 |    23 |    19 |     5 ||    58
         Airstrike         |       |       |    35 |     8 ||    43
         Kiss of Death     |       |       |     2 |     2 ||     4
         Poisonous Vapours |       |       |     1 |    15 ||    16
    Use: Scroll            |     2 |     3 |     4 |     4 ||    13
         Potion            |       |     4 |     5 |     2 ||    11
   Stab: Sleeping          |       |     3 |       |     1 ||     4
 Armour: Robe              |    11 |    50 |    79 |    22 ||   162
         Steam dragon scal |       |       |       |    31 ||    31
  Dodge: Dodged            |    34 |    70 |    97 |    68 ||   269
